 Dungeon Crawl Stone Soup version 0.32-a0-485-g70f7560b1c (webtiles) character file.

Game seed: 12449969132724104313

9 Esekla the Sneak (level 2, 21/21 HPs)
             Began as an Octopode Delver on Feb 26, 2024.
             Quit the game on level 5 of the Dungeon.
             The game lasted 00:02:15 (220 turns).

Esekla the Sneak (Octopode Delver)                   Turns: 220, Time: 00:02:16

Health: 21/21      AC:  1    Str: 11    XL:     2   Next: 16%
Magic:  2/2        EV: 13    Int: 12    God:
Gold:   10         SH:  0    Dex: 13    Spells: 1/1 levels left

rFire   . . .        a - +0 falchion
rCold   . . .        (no shield)
rNeg    . . .        (helmet restricted)
rPois   .            (no amulet)
rElec   .            (no ring)
rCorr   .            (no ring)
SInv    .            (no ring)
Will    .....        (no ring)
Stlth   ++++         (no ring)
HPRegen 0.23/turn    (no ring)
MPRegen 0.08/turn    (no ring)
                     (no ring)

%: no passive effects
@: no status effects
A: almost no armour, amphibious, 8 rings, camouflage 1, gelatinous body 1,
(nimble swimmer 1), tentacles
a: no special abilities


You were on level 5 of the Dungeon.
You visited 1 branch of the dungeon, and saw 1 of its levels.

You collected 10 gold pieces.

Inventory:

Hand Weapons
 a - a +0 falchion (weapon)
Wands
 f - a wand of digging (3)
Scrolls
 b - a scroll of fog
 d - 2 scrolls of fear
 g - 2 scrolls of blinking {unknown}
Potions
 c - a potion of degeneration {unknown}
 e - a potion of haste
 h - a potion of might {unknown}


   Skills:
 + Level 3.1 Fighting
 + Level 2.1 Long Blades
 + Level 2.0 Dodging
 + Level 7.0 Stealth


You had one spell level left.
You didn't know any spells.
Your spell library was empty.

Dungeon Overview and Level Annotations

Branches:
Dungeon (5/15)
 Temple: D:4-7

Altars:
Fedhas
Okawaru

Annotations:
D:5 Sigmund


Innate Abilities, Weirdness & Mutations

You cannot wear most types of armour.
You are amphibious.
You can wear up to eight rings at the same time.
Your skin changes colour to match your surroundings (Stealth+).
Your rubbery body absorbs attacks. (AC +1, EV +1)
((You are camouflaged when in or above water. (Stealth+)))
You have tentacles for arms and can constrict up to eight enemies at once.


Message History

There is an open door here.
You open the door.
There is an open door here.
Found 2 scrolls labelled JAPNIO ZEGAI.
An adder comes into view.
Things that are here:
2 scrolls labelled JAPNIO ZEGAI; 4 stones
g - 2 scrolls labelled JAPNIO ZEGAI
Okay, then.
The helpless adder fails to defend itself.
You hit the adder. Your grab misses the adder. Your squeeze misses the adder.
The adder is heavily wounded.
The adder misses you. The adder bites you.
You slash the adder!
You kill the adder!
Your Stealth skill increases to level 7!
You have reached level 2!
Sigmund the Dreaded comes into view.
He is wielding a +0 vampiric scythe.
Found an escape hatch in the ceiling.
Found 7 stones.
Sigmund shouts!
Sigmund casts a spell.
Sigmund flickers and vanishes!
Deactivating autopickup; reactivate with Ctrl-A.
You enter the shallow water.
A jelly comes into view.
You enter the shallow water.
You enter the shallow water.
Found a mace.
The iguana hisses angrily.
You enter the shallow water.
Found a murky inky potion.
You see here a murky inky potion.
You see here a murky inky potion.
h - a murky inky potion Autopickup is now on.
Found a blossoming altar of Fedhas.
You enter a teleport trap!
The teleport trap disappears.
Your surroundings suddenly seem different.
Are you sure you want to abandon this character and quit the game? (Confirm with "yes".)

###P~.)######PP
#...P~#######..
##.............
#.............
#######.###.###.l..
#.......##..##*....
#............#,....
#..#########.#.....
#.@#.......#.+...,,
#..#.......#...#*,,
#..#.......#.#.##,.
#..#..._........#..
#..#.......#.......
#..#.......#...##..
#..#.......#...##,,
##.#########....#,,
#..............#,,


There were no monsters in sight!

Vanquished Creatures
  An adder (D:5)
1 creature vanquished.

Notes
Turn   | Place    | Note
-------+----------+-------------------------------------------
     0 | D:5      | Esekla the Octopode Delver began the quest for the Orb.
     0 | D:5      | Reached XP level 1. HP: 16/16 MP: 1/1
     6 | D:5      | Noticed an iguana
    68 | D:5      | Found an iron altar of Okawaru.
   146 | D:5      | Reached skill level 7 in Stealth
   146 | D:5      | Reached XP level 2. HP: 18/21 MP: 2/2
   148 | D:5      | Noticed Sigmund
   217 | D:5      | Found a blossoming altar of Fedhas.
   220 | D:5      | Quit the game

Illustrated notes

Levels and vault maps discovered:
D:5:      layout_gridville, lemuel_tele_altar,
          mainiacjoe_overflow_surrounded_room, serial_bayou_lagoon_a,
          feat_on_display, uniq_sigmund

Skill      XL: |  1 |
---------------+----+-----
Stealth        | 7 |  7.0
Fighting       | |  3.1
Long Blades    | |  2.1
Dodging        | |  2.0

Action                     || total
---------------------------++-------
  Melee: Falchion          ||     2
    Use: Scroll            ||     1
   Stab: Sleeping          ||     1
 Armour: Skin              ||     1
  Dodge: Dodged            ||     1

Table legend: (Time is in decaauts)
 A = Elapsed time spent in this place.
 B = Non-inter-level travel time spent in this place.
 C = Inter-level travel time spent in this place.
 D = Time resting spent in this place.
 E = Time spent auto-exploring this place.
 F = Levels seen in this place.
 G = Mean time per level.
                   A        B        C        D        E       F      G
               +--------+--------+--------+--------+--------+-----+--------+
         Total |    220 |    220 |      0 |      0 |      0 |   1 |  220.0 |
       Dungeon |    220 |    220 |      0 |      0 |      0 |   1 |  220.0 |
               +--------+--------+--------+--------+--------+-----+--------+

Top non-repeatable levels by time:
     D:5: 220 daAuts
